 Dungeon Crawl Stone Soup version 0.30-a0-335-ge5acde7520 (webtiles) character file.

Game seed: 7893871461597350261

14732 lunkers the Stormcaller (level 12, 0/81 HPs)
             Began as a Meteoran Air Elementalist on Oct 31, 2022.
             Was a High Priest of Dithmenos.
             Slain by a yak (7 damage)
             ... on level 4 of the Lair of Beasts.
             The game lasted 00:28:27 (4558 turns).

lunkers the Stormcaller (Meteoran Air Elementalist) Turns: 4558, Time: 00:28:28

Health: 0/81       AC:  8    Str: 10    XL:     12   Next: 83%
Magic:  13/37      EV: 13    Int: 23    God:    Dithmenos [*****.]
Gold:   501        SH:  0    Dex: 17    Spells: 14/33 levels left

rFire   . . .      SeeInvis .    g - staff of air
rCold   + . .      Faith    .    (no shield)
rNeg    . . .      Spirit   .    m - +0 robe {Will+}
rPois   .          Reflect  .    s - +0 helmet
rElec   +          Harm     .    y - +1 cloak "Xunal" {Dex+3}
rCorr   .          Rampage  .    p - +1 pair of gloves
Will    ++...                    o - +0 pair of boots
Stlth   +.........               (no amulet)
HPRegen 0.33/turn                j - ring of magical power
MPRegen 0.25/turn                q - ring of protection from cold

@: swift, glowing, quick
A: sense surroundings 2, otherworldly, glowing, explore regen
a: Renounce Religion, Shadow Step, Shadow Form


You were on level 4 of the Lair of Beasts.
You worshipped Dithmenos.
Dithmenos was extremely pleased with you.
You visited 3 branches of the dungeon, and saw 13 of its levels.

You collected 501 gold pieces.

Inventory:

Hand Weapons
 v - a +3 short sword
 w - a +3 dagger of freezing
 z - a +5 war axe of draining
Missiles
 f - 3 curare-tipped darts
Armour
 m - a +0 robe of willpower (worn)
 o - a +0 pair of boots (worn)
 p - a +1 pair of gloves (worn)
 s - a +0 helmet (worn)
 y - the +1 cloak "Xunal" (worn) {Dex+3}
   (You acquired it on level 7 of the Dungeon)

   Dex:       It affects your dexterity (+3).
Magical Staves
 g - a staff of air (weapon)
 r - a staff of poison
Jewellery
 j - a ring of magical power (left hand)
 q - a ring of protection from cold (right hand)
 C - a ring of resist corrosion
Wands
 b - a wand of flame (18)
 h - a wand of polymorph (10)
 n - a wand of mindburst (5)
 A - a wand of paralysis (3)
Scrolls
 d - a scroll of teleportation
 u - a scroll of summoning
 D - a scroll of silence
Potions
 a - 3 potions of lignification
 c - 4 potions of curing
 e - a potion of mutation {unknown}
 i - 2 potions of attraction
 k - a potion of berserk rage {unknown}
 l - a potion of brilliance {unknown}
 t - 2 potions of ambrosia
 x - a potion of cancellation {unknown}
 B - a potion of flight {unknown}


   Skills:
 - Level 2.4 Dodging
 - Level 1.4 Stealth
 - Level 11.0 Spellcasting
 - Level 3.8 Conjurations
 + Level 12.7 Transmutations
 - Level 16.0 Air Magic


You had 14 spell levels left.
You knew the following spells:

 Your Spells              Type           Power      Damage    Failure   Level
a - Shock                 Conj/Air       100%       1d9       1%          1
b - Static Discharge      Conj/Air       100%       2-7/arc   1%          2
c - Swiftness             Air            92%        N/A       1%          3
d - Airstrike             Air            46%        2d(7-23)  1%          4
e - Storm Form            Tmut/Air       43%        N/A       12%         7
f - Blink                 Tloc           24%        N/A       8%          2

Your spell library contained the following spells:

 Spells                   Type           Power      Damage    Failure   Level
 Blade Hands              Tmut           31%        N/A       1%          5
 Call Canine Familiar     Summ           12%        N/A       16%         3
 Gell's Gravitas          Tloc           12%        N/A       16%         3
 Lesser Beckoning         Tloc           24%        N/A       16%         3
 Portal Projectile        Hex/Tloc       24%        N/A       16%         3
 Teleport Other           Tloc           12%        N/A       16%         3
 Tukima's Dance           Hex            12%        N/A       16%         3
 Dragon Form              Tmut           31%        N/A       22%         7
 Cause Fear               Hex            6%         N/A       45%         4
 Leda's Liquefaction      Hex/Erth       6%         N/A       45%         4
 Manifold Assault         Tloc           12%        N/A       45%         4
 Dragon's Call            Summ           6%         N/A       100%        9


Dungeon Overview and Level Annotations

Branches:
Dungeon (8/15) Zot: 1131   Temple (1/1) D:4 Zot: 316    Lair (4/5) D:8 Zot: 1776
  Snake (0/4) Lair:3
  Swamp: Lair:2-3    Shoals: Lair:2-3     Slime: Lair:4-5

Altars:
Dithmenos
Elyvilon
Fedhas
Gozag
Kikubaaqudgha
Makhleb
Qazlal
Ru
Trog
Vehumet
Wu Jian
Xom

Shops:
D:3 !

Annotations:
D:6 2 runed translucent doors


Innate Abilities, Weirdness & Mutations

You passively map the area around you.
You are easily found by Zot.
You glow in the dark.
You regain HP and MP as you explore.


Message History

The yak is struck by an arc of lightning.
The yak is heavily wounded.
The lightning grounds out.
The yak gores you!
* * * LOW HITPOINT WARNING * * *
The yak gores you!
* * * LOW HITPOINT WARNING * * *
Unknown command.
Casting: Static Discharge (safe; 1% risk of failure)
Confirm with . or Enter, or press ? or * to list all spells.
You feel a surge of power!
The yak is struck by an arc of lightning.
The yak is severely wounded.
The yak is struck by an arc of lightning.
The yak is heavily wounded.
The yak is struck by an arc of lightning.
The yak is severely wounded.
The fungus is struck by an arc of lightning!
The fungus begins to die.
The fungus is lightly damaged.
The lightning grounds out.
The yak is struck by an arc of lightning.
The yak is severely wounded.
You resist.
You are struck by an arc of lightning.
* * * LOW HITPOINT WARNING * * *
The yak is struck by an arc of lightning.
The yak is almost dead.
The fungus is struck by an arc of lightning.
The fungus is lightly damaged.
The yak is struck by an arc of lightning.
The yak is almost dead.
The lightning grounds out.
The yak gores you.
* * * LOW HITPOINT WARNING * * *
The yak gores you!
* * * LOW HITPOINT WARNING * * *
Unknown command.
The yak gores the fungus!
Casting: Static Discharge (safe; 1% risk of failure)
Confirm with . or Enter, or press ? or * to list all spells.
You feel a surge of power!
You feel quick. The yak gores you!
You die...

, * , ......?..... *
, , .......... , ,,*
, .#...P. * , * ## *
#....# ,, , ,, #.##
##...# * , , ##...
##....# , , ,
#....##Y††^## ,,,,*
,,, #...PYY.## , * *
*#....@.## * *##
##.†...# * .. ###.
#PPP.## ...#...###
##.P...##
.........###.......#
...........#....P.##
.#.............####
..#....#.......# ,
##...##.##..##


You could see 3 yaks.

Vanquished Creatures
  An entropy weaver (D:8)
  3 death yaks
  Pikel (D:8)
  A black mamba (D:8)
  An eye of devastation (D:6)
  Joseph (D:7)
  5 cane toads
  A rime drake (Lair:3)
  A wind drake (Lair:2)
  2 hornets (D:8)
  6 blink frogs
  Sigmund (D:2)
  19 yaks
  2 wyverns
  A basilisk (Lair:2)
  Menkaure (D:7)
  A steam dragon (D:8)
  An acid dragon (D:6)
  4 water moccasins
  2 black bears
  An orc warrior (D:7)
  2 ice beasts
  2 sky beasts (D:8)
  2 ogres (D:7)
  A centaur (D:8)
  4 wolves (Lair:3)
  A lemure (D:8)
  A phantom (D:5)
  A kobold brigand (D:7)
  6 bullfrogs
  A necrophage (D:5)
  3 scorpions
  9 wights
  6 killer bees (D:8)
  A howler monkey (D:6)
  A jelly (D:6)
  A gnoll bouda (D:7)
  4 hounds
  Ijyb (D:3)
  3 iguanas (D:6)
  2 hell rats (Lair:2)
  3 orc wizards
  17 gnolls
  7 adders
  10 river rats (Lair:2)
  A shadow imp (D:6)
  2 white imps
  An ufetubus (D:6)
  6 dart slugs
  8 orcs
  6 bats (D:1)
  4 endoplasms
  4 giant cockroaches
  7 goblins
  7 hobgoblins
  7 jackals
  A quokka (D:2)
  3 ball pythons
  2 frilled lizards
  9 kobolds
  2 rats
215 creatures vanquished.

Vanquished Creatures (others)
  4 fungi
  8 plants
  A withered plant (D:3)
13 creatures vanquished.

Grand Total: 228 creatures vanquished

Notes
Turn   | Place    | Note
-------+----------+-------------------------------------------
     0 | D:1      | lunkers the Meteoran Air Elementalist began the quest for
                  | the Orb.
     0 | D:1      | Reached XP level 1. HP: 14/14 MP: 5/5
    37 | D:1      | Reached XP level 2. HP: 18/20 MP: 0/6
    40 | D:1      | Reached skill level 4 in Air Magic
   116 | D:1      | Learned a level 2 spell: Static Discharge
   150 | D:1      | Reached XP level 3. HP: 21/26 MP: 1/8
   363 | D:1      | Learned a level 3 spell: Swiftness
   416 | D:2      | Reached XP level 4. HP: 33/33 MP: 8/10
   693 | D:2      | Noticed Sigmund
   700 | D:2      | Killed Sigmund
   701 | D:2      | Reached skill level 6 in Air Magic
   701 | D:2      | Reached XP level 5. HP: 19/38 MP: 9/12
   701 | D:2      | Reached XP level 6. HP: 22/45 MP: 9/13
   800 | D:3      | Noticed Ijyb
   810 | D:3      | Learned a level 4 spell: Airstrike
   813 | D:3      | Killed Ijyb
   943 | D:3      | Found a faded altar of an unknown god.
   956 | D:3      | Prayed at the altar of an unknown god.
   956 | D:3      | Became a worshipper of Dithmenos the Shadowed
   956 | D:3      | Reached * piety under Dithmenos
  1049 | D:3      | Found Denaf's Distillery.
  1162 | D:4      | Found a staircase to the Ecumenical Temple.
  1169 | D:4      | Reached XP level 7. HP: 47/50 MP: 15/15
  1175 | Temple   | Entered the Ecumenical Temple
  1510 | D:4      | Found an ancient bone altar of Kikubaaqudgha.
  1705 | D:5      | Entered Level 5 of the Dungeon
  1710 | D:5      | Reached skill level 5 in Spellcasting
  1710 | D:5      | Reached skill level 7 in Air Magic
  1737 | D:5      | Reached XP level 8. HP: 57/57 MP: 17/17
  1816 | D:5      | Reached skill level 8 in Air Magic
  1831 | D:5      | Reached ** piety under Dithmenos
  1918 | D:5      | Reached skill level 9 in Air Magic
  2131 | D:6      | Gained mutation: You passively map the area around you.
                  | [Meteoran growth]
  2131 | D:6      | Reached XP level 9. HP: 62/62 MP: 20/20
  2139 | D:6      | Learned a level 7 spell: Storm Form
  2188 | D:6      | Learned a level 2 spell: Blink
  2212 | D:6      | Found a large runed translucent door.
  2212 | D:6      | Found a large runed translucent door.
  2229 | D:6      | Reached skill level 10 in Air Magic
  2231 | D:6      | Noticed a two-headed ogre
  2278 | D:6      | a two-headed ogre changed into an eye of devastation
  2278 | D:6      | Noticed an eye of devastation
  2282 | D:6      | Killed an eye of devastation
  2299 | D:6      | Noticed a two-headed ogre
  2312 | D:6      | Found a large runed translucent door.
  2312 | D:6      | Found a large runed translucent door.
  2319 | D:6      | Reached skill level 11 in Air Magic
  2545 | D:7      | Reached skill level 12 in Air Magic
  2545 | D:7      | Reached XP level 10. HP: 68/69 MP: 16/23
  2551 | D:7      | Reached *** piety under Dithmenos
  2614 | D:7      | Noticed Menkaure
  2619 | D:7      | Killed Menkaure
  2647 | D:7      | Found a sacrificial altar of Ru.
  2658 | D:7      | Identified a scroll of acquirement
  2658 | D:7      | Acquired the +1 cloak "Xunal" {Dex+3}
  2771 | D:8      | Reached skill level 13 in Air Magic
  2828 | D:8      | Noticed Pikel
  2834 | D:8      | Killed Pikel
  2837 | D:8      | Noticed a death yak
  2837 | D:8      | Noticed a two-headed ogre
  2838 | D:8      | Noticed a death yak
  2839 | D:8      | Noticed a death yak
  2840 | D:8      | Noticed a death yak
  2841 | D:8      | Noticed a death yak
  2841 | D:8      | Noticed a death yak
  2842 | D:8      | Noticed a death yak
  2903 | D:8      | a two-headed ogre changed into an entropy weaver
  2903 | D:8      | Noticed an entropy weaver
  2910 | D:8      | Killed an entropy weaver
  2911 | D:8      | Reached skill level 10 in Spellcasting
  2911 | D:8      | Reached skill level 14 in Air Magic
  2953 | D:7      | Noticed Joseph
  2954 | D:7      | HP: 2/69 [Joseph/sling bullet (3)]
  2964 | D:7      | Killed Joseph
  3042 | D:8      | Reached XP level 11. HP: 61/74 MP: 7/26
  3191 | D:8      | Reached skill level 15 in Air Magic
  3319 | D:8      | Reached skill level 1 in Transmutations
  3395 | D:8      | Reached **** piety under Dithmenos
  3474 | D:8      | HP: 1/74 [death yak (10)]
  3626 | D:8      | Killed a death yak
  3661 | D:8      | Found a staircase to the Lair.
  3680 | Lair:1   | Entered Level 1 of the Lair of Beasts
  3696 | Lair:1   | Reached skill level 16 in Air Magic
  3706 | Lair:1   | Noticed a black mamba
  3716 | D:8      | Killed a black mamba
  3876 | D:7      | Killed a death yak
  3877 | D:7      | Reached skill level 5 in Transmutations
  3931 | D:7      | Killed a death yak
  4098 | Lair:3   | Reached XP level 12. HP: 81/81 MP: 25/28
  4237 | Lair:2   | Reached skill level 10 in Transmutations
  4403 | Lair:3   | Reached ***** piety under Dithmenos
  4415 | Lair:3   | Found a staircase to the Snake Pit.
  4509 | Lair:4   | Noticed a swamp dragon
  4513 | Lair:4   | Noticed a four-headed hydra
  4558 | Lair:4   | Slain by a yak

Illustrated notes

Levels and vault maps discovered:
D:1:      dpeg_arrival_tiny_i, layout_rooms, interstate_on_off
D:2:      layout_basic, serial_shops, shop, uniq_sigmund
D:3:      layout_basic, ebering_ecumenical_altar_petrified, serial_shops,
          nicolae_shop_statue_plus, uniq_ijyb
D:4:      layout_loops_ring, mainiacjoe_overflow_catch_the_wave,
          minmay_temple_entry_large_hall, kennysheep_generic_room_4
D:5:      layout_rooms, nicolae_tso_carved_into_rock, serial_glass,
          glass_columns_b, glass_columns_b, due_unseen_surprise,
          item_on_display_a, chequers_decorated_corner
D:6:      layout_cave_pods, minmay_hollow_rounded_squares
D:7:      layout_rooms, nicolae_ru_awakened_eye, uniq_menkaure, uniq_joseph
D:8:      minmay_razor_zed, layout_rooms, dpeg_lair_monsters,
          dreamdust_deal_with_the_devil, chequers_serial_rivers_small_3,
          uniq_pikel
Temple:   compressed_dpeg_triangle_lava_temple
Lair:1:   layout_chaotic_city, serial_bayou_pond_d, lemuel_fruit_fields,
          uniq_amaemon
Lair:2:   gammafunk_worm_tunnel, layout_chaotic_city,
          minmay_shoals_entry_beasts, nicolae_quartered_pool_little,
          kennysheep_rathole
Lair:3:   layout_chaotic_city, dummy_snake_entry, lemuel_fruit_tree,
          infiniplex_staircase_pool_2
Lair:4:   layout_cave_pods, eino_small_chamber_without_monster, pond,
          grunt_megastairs_5, uniq_rupert

Skill      XL: |  1  2  3  4  5  6  7  8  9 10 11 12 |
---------------+-------------------------------------+-----
Air Magic      | 4 6 7 9 12 14 16 | 16.0
Spellcasting   | 3 4 5 6 8 10 11 | 11.0
Conjurations   | 3 |  3.8
Transmutations | 7 12 | 12.7
Dodging        | |  2.4
Stealth        | |  1.4

Action                   |  1- 3 |  4- 6 |  7- 9 | 10-12 || total
-------------------------+-------+-------+-------+-------++-------
Melee: Unarmed           |    42 |       |     1 |       ||    43
       Punch             |     1 |       |       |       ||     1
       Staff             |       |       |     1 |    12 ||    13
 Cast: Shock             |    56 |    40 |    52 |    51 ||   199
       Static Discharge  |       |    19 |    29 |    88 ||   136
       Airstrike         |       |       |    40 |   123 ||   163
       Swiftness         |       |       |       |     6 ||     6
       Blink             |       |       |       |     1 ||     1
Evoke: Wand              |       |       |     2 |    10 ||    12
  Use: Scroll            |       |       |    14 |     7 ||    21
       Potion            |       |       |       |     5 ||     5
Armor: Robe              |     9 |     2 |     7 |    50 ||    68
Dodge: Dodged            |    23 |     6 |    22 |    75 ||   126

Table legend: (Time is in decaauts)
 A = Elapsed time spent in this place.
 B = Non-inter-level travel time spent in this place.
 C = Inter-level travel time spent in this place.
 D = Time resting spent in this place.
 E = Time spent auto-exploring this place.
 F = Levels seen in this place.
 G = Mean time per level.
                   A        B        C        D        E       F      G
               +--------+--------+--------+--------+--------+-----+--------+
         Total |   4574 |   4214 |    360 |      0 |   1613 |  13 |  351.8 |
       Dungeon |   3668 |   3332 |    336 |      0 |   1371 |   8 |  458.5 |
        Temple |    283 |    278 |      5 |      0 |    242 |   1 |  283.0 |
          Lair |    622 |    603 |     19 |      0 |      0 |   4 |  155.5 |
               +--------+--------+--------+--------+--------+-----+--------+

Top non-repeatable levels by time:
     D:8: 959 daAuts
     D:6: 553 daAuts
     D:7: 509 daAuts
     D:1: 411 daAuts
     D:2: 369 daAuts
     D:3: 360 daAuts
  Lair:2: 285 daAuts
     D:4: 284 daAuts
  Temple: 283 daAuts
     D:5: 221 daAuts
  Lair:3: 210 daAuts
  Lair:4: 82 daAuts
  Lair:1: 43 daAuts
